 Dungeon Crawl Stone Soup version 0.29-a0-275-g389c0b56f3 (webtiles) character file.

Game seed: 5136044463536193202

56 davidthevgamer991 the Skirmisher (level 3, 0/29 HPs)
             Began as a Demonspawn Berserker on Mar 10, 2022.
             Was a Believer of Trog.
             Slain by an adder (4 damage)
             ... on level 2 of the Dungeon.
             The game lasted 00:11:32 (1675 turns).

davidthevgamer991 the Skirmisher (DsBe)             Turns: 1675, Time: 00:11:43

Health: 0/29       AC:  3    Str: 19    XL:     3   Next: 69%
Magic:  3/3        EV: 12    Int:  8    God:    Trog [**....]
Gold:   81         SH:  0    Dex: 12    Spells: 2/2 levels left

rFire   . . .      SeeInvis .   a - +0 hand axe
rCold   . . .      Faith    .   (no shield)
rNeg    . . .      Spirit   .   c - +0 leather armour
rPois   .          Reflect  .   (helmet restricted)
rElec   .          Harm     .   (no cloak)
rCorr   .          Rampage  .   (no gloves)
Will    .....                   (no boots)
Stlth   +.........              (no amulet)
HPRegen 0.09/turn               (no ring)
MPRegen 0.08/turn               (no ring)

@: lethally poisoned (0 -> -5), on berserk cooldown, slowed, very slow
A: horns 1, demonic magic 1
a: Renounce Religion, Berserk, Trog's Hand


You were on level 2 of the Dungeon.
You worshipped Trog.
Trog was pleased with you.
You visited 1 branch of the dungeon, and saw 2 of its levels.

You collected 81 gold pieces.

Inventory:

Hand Weapons
 a - a +0 hand axe (weapon)
Missiles
 e - 37 stones (quivered)
Armour
 b - a +0 animal skin
 c - a +0 leather armour (worn)
 g - a +0 robe
Potions
 d - a potion of berserk rage
 h - a potion of brilliance {unknown}


   Skills:
 + Level 3.5 Fighting
 + Level 3.3 Axes
 + Level 1.9 Armour
 + Level 2.4 Dodging
 + Level 0.2 Stealth


You had 2 spell levels left.
You didn't know any spells.
Your spell library contained the following spells:

 Spells                   Type           Power      Damage    Failure   Level
 Sting                    Tmut/Pois      0%         1d3       45%         1
 Poisonous Vapours        Pois/Air       0%         N/A       61%         2
 Olgreb's Toxic Radiance  Pois           0%         N/A       99%         4


Dungeon Overview and Level Annotations

Branches:
Dungeon (2/15)

Altars:

Annotations:
D:2 Sigmund


Innate Abilities, Weirdness & Mutations

You have a pair of small horns on your head.
Spells you cast may paralyse adjacent enemies.


Message History

The ball python constricts you. Sigmund casts a spell at you.
The magic dart hits you!
You barely miss the ball python. You headbutt the ball python.
You kill the ball python!
Trog accepts your kill.
As you read the scroll labelled MAREOKLADU, it crumbles to dust.
You feel strangely unstable.
It was a scroll of teleportation.
Sigmund points at you and mumbles some strange words.
You are confused.
It was a potion of magic.
Magic courses through your body. Sigmund barely misses you.
It was a potion of berserk rage.
A red film seems to cover your vision as you go berserk!
You feel yourself moving faster!
You feel mighty!
Sigmund hits you from afar with a +0 scythe!
* * * LOW HITPOINT WARNING * * *
You bump into the rock wall.
You feel a strong urge to attack something.
You bump into the rock wall.
Your surroundings suddenly seem different.
An adder comes into view.
Found 7 gold pieces.
Found a scroll labelled GYIDGHE JYVUST.
You feel your anger nearly subside.
You are no longer berserk.
You are exhausted.
You feel yourself slow down.
You hit the adder.
The adder is moderately wounded.
You feel less confused. The adder bites you.
* * * LOW HITPOINT WARNING * * *
The adder bites you but does no damage.
You barely miss the adder.
The adder is moderately wounded.
The adder bites you.
* * * LOW HITPOINT WARNING * * *
You are lethally poisoned!
The adder poisons you! The adder bites you.
You die...

#####.#######
#..# .#
.........<..#
#..# .#
#####.#####.#
#..# .# .
#####.# #..#
.# .. ......#
#..# .#?..
####### #..#
....
#..##.....
#.###.........
#.....@S...##.
#####....$.#
########


You could see an adder.

Vanquished Creatures
  Jessica (D:2)
  A dart slug (D:2)
  4 bats (D:1)
  5 endoplasms
  A giant cockroach (D:1)
  2 goblins (D:1)
  A hobgoblin (D:1)
  3 jackals (D:1)
  3 ball pythons
  2 frilled lizards
  4 rats (D:1)
27 creatures vanquished.

Notes
Turn   | Place    | Note
-------+----------+-------------------------------------------
     0 | D:1      | davidthevgamer991 the Demonspawn Berserker began the quest
                  | for the Orb.
     0 | D:1      | Reached XP level 1. HP: 18/18 MP: 1/1
   309 | D:1      | Gained mutation: You have a pair of small horns on your
                  | head. [demonic ancestry]
   309 | D:1      | Reached XP level 2. HP: 22/24 MP: 2/2
  1092 | D:2      | Noticed Jessica
  1112 | D:2      | Killed Jessica
  1113 | D:2      | Gained mutation: Spells you cast may paralyse adjacent
                  | enemies. [demonic ancestry]
  1113 | D:2      | Reached XP level 3. HP: 18/29 MP: 3/3
  1156 | D:2      | Reached ** piety under Trog
  1662 | D:2      | Noticed Sigmund
  1675 | D:2      | Slain by an adder

Illustrated notes

Levels and vault maps discovered:
D:1:      amcnicky_arrival_single_pillar, layout_basic, patterned_corridor
D:2:      layout_loops_ring, uniq_sigmund, uniq_jessica

Skill      XL: |  1  2 |
---------------+-------+-----
Axes           | 3 |  3.3
Dodging        | 2 |  2.4
Fighting       | |  3.5
Armour         | |  1.9
Stealth        | |  0.2

Action                   || total
-------------------------++-------
Melee: Hand axe          ||    54
       Headbutt          ||     6
  Use: Scroll            ||     2
       Potion            ||     2
Armor: Animal skin       ||    19
       Leather armour    ||    10
Dodge: Dodged            ||    65

Table legend: (Time is in decaauts)
 A = Elapsed time spent in this place.
 B = Non-inter-level travel time spent in this place.
 C = Inter-level travel time spent in this place.
 D = Time resting spent in this place.
 E = Time spent auto-exploring this place.
 F = Levels seen in this place.
 G = Mean time per level.
                   A        B        C        D        E       F      G
               +--------+--------+--------+--------+--------+-----+--------+
         Total |   1682 |   1679 |      3 |      0 |    122 |   2 |  841.0 |
       Dungeon |   1682 |   1679 |      3 |      0 |    122 |   2 |  841.0 |
               +--------+--------+--------+--------+--------+-----+--------+

Top non-repeatable levels by time:
     D:1: 1042 daAuts
     D:2: 640 daAuts
